 Dungeon Crawl Stone Soup version 0.24.0-124-g2791043dd8 (webtiles) character file.

Game seed: 9771517868009454412, levelgen mode: deterministic

632 H0rd4k the Charlatan (level 7, -3/50 HPs)
             Began as a Human Artificer on Feb 14, 2020.
             Slain by a centaur (4 damage)
             ... on level 7 of the Dungeon.
             The game lasted 00:09:17 (4584 turns).

H0rd4k the Charlatan (Human Artificer)              Turns: 4584, Time: 00:09:17

Health: -3/50      AC:  5    Str: 14    XL:     7   Next: 78%
Magic:  10/10      EV: 13    Int: 11    God:
Gold:   324        SH:  0    Dex: 14    Spells: 6/6 levels left

rFire    . . .     SeeInvis .   a - +0 short sword
rCold    . . .     Gourm    .   (no shield)
rNeg     . . .     Faith    .   b - +0 leather armour
rPois    .         Spirit   .   (no helmet)
rElec    .         Reflect  .   (no cloak)
rCorr    .         Harm     .   u - +1 pair of gloves
MR       .....                  (no boots)
Stlth    ++........             (no amulet)
HPRegen  0.16/turn              (no ring)
MPRegen  0.12/turn              (no ring)

@: no status effects
A: no striking features
a: no special abilities


You were on level 7 of the Dungeon.
You were hungry.

You visited 1 branch of the dungeon, and saw 6 of its levels.

You collected 324 gold pieces.

Inventory:

Hand Weapons
 a - a +0 short sword (weapon)
 j - a +3 quarterstaff
 m - a +4 shortbow
Missiles
 g - 16 poisoned darts (quivered)
 o - 4 javelins
 v - 19 arrows
Armour
 b - a +0 leather armour (worn)
 u - a +1 pair of gloves (worn)
Wands
 d - a wand of enslavement (4)
 e - a wand of random effects (7)
Scrolls
 c - a scroll of fear {unknown}
 h - 2 scrolls of teleportation {unknown}
 k - 2 scrolls of identify
 l - 4 scrolls of remove curse
 p - a scroll of enchant weapon
 q - a scroll of blinking {unknown}
 r - a scroll of amnesia {unknown}
 t - a scroll of enchant armour {unknown}
Potions
 i - a potion of mutation {unknown}
 n - a potion of berserk rage {unknown}
 s - a potion of might {unknown}
Comestibles
 f - 6 rations


   Skills:
 + Level 2.2 Fighting
 + Level 3.8 Short Blades
 + Level 0.6 Throwing
 + Level 3.5 Armour
 + Level 3.5 Dodging
 + Level 2.5 Stealth
 + Level 4.5 Evocations


You had 6 spell levels left.
You didn't know any spells.
Your spell library contained the following spells:

 Spells                   Type           Power        Failure   Level  Hunger
 Animate Skeleton         Necr           N/A          41%         1    ##.....
 Apportation              Tloc           #.....       41%         1    ##.....
 Confusing Touch          Hex            #.....       41%         1    ##.....
 Summon Small Mammal      Summ           #...         41%         1    ##.....


Dungeon Overview and Level Annotations

Branches:
Dungeon (5/15)
 Temple: D:4-7

Altars:
Cheibriados
Gozag
Nemelex Xobeh
Ru

Annotations:
D:2 exclusion: downstairs
D:3 3 runed translucent doors, fritzmikael's ghost, amateur GnFi; kalodont's ghost, amateur KoEn; zeiran's ghost, amateur DsWr
D:4 Grinder
D:5 exclusion: sky beast


Message History

You barely miss the centaur.
The centaur is almost dead.
The centaur hits you.
* * * LOW HITPOINT WARNING * * *
The centaur barely misses you.
You hit the centaur.
The centaur is almost dead.
The centaur hits you but does no damage.
Evoke which item? (* to show all) (? for menu, Esc to quit)
Okay, then.
Okay, then.
You hit the centaur but do no damage.
The centaur is almost dead.
The centaur hits you but does no damage.
The centaur hits you!
* * * LOW HITPOINT WARNING * * *
You closely miss the centaur.
The centaur is almost dead.
The centaur hits you.
You die...

....#..########
.≈≈≈≈≈≈≈≈≈≈≈≈≈#
.≈≈≈≈≈≈≈≈≈≈≈≈≈#
.≈≈≈≈≈≈≈≈≈≈≈≈≈#
.≈≈≈≈≈≈≈≈≈≈≈≈≈#
.≈≈≈≈≈≈≈≈≈≈≈≈≈#
.≈≈≈≈≈...≈≈≈≈≈.
.≈≈≈≈≈...≈≈≈≈≈.
.≈≈≈≈≈.@c≈≈≈≈≈.
.≈≈≈≈≈≈≈≈≈≈≈≈≈.
.≈≈≈≈≈≈≈≈≈≈≈≈≈#
.≈≈≈≈≈≈≈≈≈≈≈(≈.
.≈≈≈≈≈≈≈≈≈≈≈≈≈#
#≈≈≈≈≈≈≈≈≈≈≈≈≈#
#..####....####
.#. ..##..


You could see a centaur.

Vanquished Creatures
  A yak (D:4)
  A centaur (D:7)
  3 worker ants (D:4)
  7 adders
  2 oozes
  An adder skeleton (D:4)
  2 worms
  A dart slug (D:3)
  2 leopard geckos
  7 orcs
  2 giant cockroaches
  9 goblins
  5 hobgoblins
  6 jackals
  7 kobolds
  2 quokkas
  2 ball pythons
  7 bats
  5 frilled lizards
  A leopard gecko skeleton (D:4)
  9 rats
82 creatures vanquished.

Vanquished Creatures (collateral kills)
  A yak (D:4)
  An ogre (D:4)
  A worm (D:4)
  An orc (D:7)
  A ball python (D:4)
5 creatures vanquished.

Vanquished Creatures (others)
  A yak (D:4)
  A howler monkey (D:4)
  An orc priest (D:3)
  A worker ant (D:4)
4 creatures vanquished.

Grand Total: 91 creatures vanquished

Notes
Turn   | Place    | Note
-------+----------+-------------------------------------------
     0 | D:1      | H0rd4k the Human Artificer began the quest for the Orb.
     0 | D:1      | Reached XP level 1. HP: 15/15 MP: 3/3
   180 | D:1      | Reached XP level 2. HP: 12/21 MP: 4/4
   641 | D:1      | Reached XP level 3. HP: 22/26 MP: 5/5
  1308 | D:2      | Found a sacrificial altar of Ru.
  1343 | D:2      | You fall into a shaft and drop 2 floors!
  1345 | D:4      | Reached XP level 4. HP: 32/32 MP: 6/6
  1372 | D:4      | Reached skill level 1 in Armour
  1376 | D:4      | Noticed a yak
  1384 | D:4      | Noticed a yak
  1385 | D:4      | Noticed a yak
  1406 | D:4      | Killed a yak
  1406 | D:4      | Reached skill level 4 in Evocations
  1406 | D:4      | Reached XP level 5. HP: 24/37 MP: 6/8
  1406 | D:4      | Reached XP level 6. HP: 28/43 MP: 6/9
  1415 | D:4      | Noticed an ogre
  1450 | D:4      | Killed an ogre
  1528 | D:5      | Entered Level 5 of the Dungeon
  1735 | D:4      | Killed a yak
  1735 | D:4      | Reached XP level 7. HP: 31/49 MP: 10/10
  2806 | D:3      | Found an opulent altar of Gozag.
  3651 | D:2      | Found a snail-covered altar of Cheibriados.
  3944 | D:3      | Found a runed translucent gate.
  3945 | D:3      | Found a runed translucent gate.
  3946 | D:3      | Found a runed translucent gate.
  3952 | D:3      | Noticed fritzmikael's ghost (amateur GnFi)
  3952 | D:3      | Noticed kalodont's ghost (amateur KoEn)
  3952 | D:3      | Noticed zeiran's ghost (amateur DsWr)
  4453 | D:4      | Found a sparkling altar of Nemelex Xobeh.
  4453 | D:4      | Noticed Grinder
  4558 | D:5      | You fall into a shaft and drop 2 floors!
  4583 | D:7      | HP: 1/50 [centaur (7)]
  4584 | D:7      | Slain by a centaur

Levels and vault maps discovered:
D:1:      psy_arrival_terrarium, layout_basic, kennysheep_decorative_pillar,
          hex_intersection
D:2:      layout_loops_ring, nicolae_overflow_crystal_walls,
          overflow_temple_1_default
D:3:      layout_basic, grunt_gozag_breadcrumbs, gammafunk_ghost_cemetery,
          first_ration, minivault_27, hex_medium
D:4:      layout_gridville, nemelex_xobeh_ov_fountains_minmay, uniq_grinder
D:5:      layout_cave_pods, kennysheep_mini, marbit_many_paths,
          lemuel_coloured_pillars_altar, basic_altar, serial_shops,
          kennysheep_mini_moat, shop, nicolae_ossuary_entry_monument,
          kennysheep_generic_room_5
D:7:      nicolae_whirlpool, layout_rooms, trog_eyes_of_draining, uniq_harold

Skill      XL: |  1  2  3  4  5  6  7 |
---------------+----------------------+-----
Short Blades   | 2 3 |  3.8
Armour         | 2 3 |  3.5
Evocations     | 4 |  4.5
Dodging        | 3 |  3.5
Stealth        | 2 |  2.5
Fighting       | 2 |  2.2
Throwing       | |  0.6

Action                   |  1- 3 |  4- 6 |  7- 9 || total
-------------------------+-------+-------+-------++-------
Melee: Short sword       |   108 |    21 |   280 ||   409
Throw: Dart              |       |       |    11 ||    11
       Javelin           |       |       |     3 ||     3
Evoke: Wand              |     3 |    24 |     7 ||    34
  Use: Potion            |       |       |     3 ||     3
       Scroll            |       |       |     2 ||     2
 Stab: Sleeping          |       |       |     4 ||     4
       Distracted        |       |       |     1 ||     1
  Eat: Chunk             |     1 |     1 |     9 ||    11
Armor: Leather armour    |    24 |     2 |    59 ||    85
Dodge: Dodged            |    58 |    24 |   184 ||   266
